 Dungeon Crawl Stone Soup version 0.20.1-1-g8b1a95d66d (webtiles) character file.

21785 Peloso the Carver (level 12, -2/110 HPs)
             Began as a Minotaur Fighter on Dec 25, 2017.
             Was a High Priest of Okawaru.
             Slain by a freezing wraith (4 damage)
             ... in an ice cave.
             The game lasted 00:33:03 (10857 turns).

Peloso the Carver (Minotaur Fighter)               Turns: 10857, Time: 00:33:05

Health: -2/110     AC: 28    Str: 28    XL:     12   Next: 57%
Magic:  2/2        EV:  9    Int:  5    God:    Okawaru [*****.]
Gold:   706        SH:  0    Dex: 12    Spells: 11/11 levels left

rFire    + + .     SeeInvis .   a - +3 scimitar (freeze)
rCold    + . .     Gourm    .   c - +2 shield {reflect}
rNeg     + . .     Faith    .   t - +8 plate armour "Ynuarif" {rF+ rN+ MP-9 Stlth+}
rPois    +         Spirit   .   P - +1 hat
rElec    +         Reflect  +   M - +0 cloak
rCorr    +         Harm     .   r - +0 pair of gloves
MR       .....                  U - +0 pair of boots
Stlth    ..........             l - amulet of magic regeneration
Regen    0.3/turn               G - +4 ring of strength
MPRegen  0.2/turn               (no ring)

@: confused, about to teleport, resistant, slowed, very slow
A: retaliatory headbutt, horns 2
a: Heroism, Finesse, Renounce Religion


You were in an ice cave.
You worshipped Okawaru.
Okawaru was extremely pleased with you.
You were very hungry.

You visited 3 branches of the dungeon, and saw 12 of its levels.
You also visited: Ice Cave.

You collected 706 gold pieces.

Inventory:

Hand Weapons
 a - a +3 scimitar of freezing (weapon)
 n - a +1 short sword of flaming
 V - the +7 arbalest "Piygg" {velocity, rC+, unknown}
   (You found it on level 9 of the Dungeon)

   Any bolt fired from it inflicts extra damage.
   It protects you from cold.
Armour
 b - the +1 plate armour "Coops" {*Slow rC+ Str+4 Dex+3}
   (Okawaru gifted it to you in an ice cave)

   It affects your strength (+4).
   It affects your dexterity (+3).
   It protects you from cold.
   It may slow you when you take damage.
 c - a +2 shield of reflection (worn)
 r - a +0 pair of gloves (worn)
 t - the +8 plate armour "Ynuarif" (worn) {rF+ rN+ MP-9 Stlth+}
   (You found it in an ice cave)

   It protects you from fire.
   It protects you from negative energy.
   It affects your magic capacity (-9).
   It makes you more stealthy.
 v - a +0 chain mail of fire resistance
 M - a +0 cloak (worn)
 O - a +1 plate armour
 P - a +1 hat (worn)
 U - a +0 pair of boots (worn)
Jewellery
 l - an amulet of magic regeneration (around neck)
 o - an uncursed ring of see invisible
 A - a +3 ring of protection
 E - an uncursed ring of wizardry
 G - a +4 ring of strength (left hand)
 H - an uncursed ring of fire
 I - a +2 ring of intelligence
 T - an uncursed ring of positive energy
Wands
 x - a wand of flame (15/48)
 B - a wand of polymorph (8/24)
 D - a wand of confusion (27/48)
Scrolls
 d - 2 scrolls of enchant armour
 e - 9 scrolls of remove curse
 h - 2 scrolls of enchant weapon
 p - 2 scrolls of recharging
 q - a scroll of identify
 y - 3 scrolls of teleportation
 L - 2 scrolls of brand weapon
 W - a scroll of fog
 X - a scroll of amnesia
Potions
 g - 3 potions of curing
 j - a potion of mutation
 k - a potion of haste
 s - 2 potions of brilliance
 z - a potion of magic
 C - a potion of agility
 F - a potion of might
Books
 w - a book of Misfortune

   Spells                             Type                      Level
   a - Confusing Touch                Hexes                        1
   b - Confuse                        Hexes                        3
   c - Gell's Gravitas                Translocation                3
   d - Petrify                        Transmutation/Earth          4
   e - Metabolic Englaciation         Hexes/Ice                    5
   f - Yara's Violent Unravelling     Hexes/Transmutation          5
 K - a book of Minor Magic

   Spells                             Type                      Level
   a - Magic Dart                     Conjuration                  1
   b - Blink                          Translocation                2
   c - Call Imp                       Summoning                    2
   d - Slow                           Hexes                        2
   e - Conjure Flame                  Conjuration/Fire             3
   f - Mephitic Cloud                 Conjuration/Poison/Air       3
Comestibles
 f - 8 bread rations
 i - 5 royal jellies
 m - 6 meat rations


   Skills:
 + Level 11.3 Fighting
 + Level 0.7(9.0) Short Blades
 + Level 14.6(14.7) Long Blades
 + Level 11.2 Armour
 + Level 2.9 Dodging
 + Level 1.4 Stealth
 + Level 12.8 Shields
 + Level 1.1 Invocations


You had 11 spell levels left.
You didn't know any spells.

Dungeon Overview and Level Annotations

Branches:
Dungeon (10/15)            Temple (1/1) D:6            Lair (1/6) D:9
    Orc (0/2) D:9

Altars:
Ashenzari
Cheibriados
Dithmenos
Elyvilon
Fedhas
Gozag
Hepliaklqana
Kikubaaqudgha
Makhleb
Nemelex Xobeh
Okawaru
Qazlal
Ru
Sif Muna
Trog
Uskayaw
Xom
Yredelemnul
The Shining One
Beogh

Shops:
D:7 *

Annotations:
D:9 exclusion: 2 oklob plants


Innate Abilities, Weirdness & Mutations

You reflexively headbutt those who attack you in melee.
You have a pair of horns on your head.


Message History

The freezing wraith hits you.
* * * LOW HITPOINT WARNING * * *
The freezing wraith drains your vigour!
You feel as though you will be slow longer.
The white imp laughs crazily.
You block the freezing wraith's attack. x2
A white imp comes into view.
You are confused.
You feel invigorated.
The freezing wraith hits you but does no damage.
The freezing wraith completely misses you.
The troll simulacrum bites you.
* * * LOW HITPOINT WARNING * * *
The troll simulacrum freezes you! You resist.
* * * LOW HITPOINT WARNING * * *
The troll simulacrum closely misses you.
The troll simulacrum claws you but does no damage.
The freezing wraith hits you but does no damage.
The freezing wraith barely misses you. The freezing wraith hits you.
You die...

##.##....#
##..##...ZZ. #..##
#Z...# ##..# ##.##
##Z## ## #.Z##
##ZZ# ##Z## # #W@#
#### .## ## ##W##
#..# #..# #. #55#
#..###..# ##. #55#
##...#..# #.. #.##
#......# ##.#
#..####......#
##..#
##..##.......#
#..##
#..#........###..#
#.##.......###..##


You could see 2 freezing wraiths, 4 white imps, 3 ogre simulacra and 2 troll
simulacra.

Vanquished Creatures
  Gastronok (D:9)
  A very ugly thing (D:9)
  An ettin (D:9)
  A yaktaur captain (D:9)
  The ghost of dengdeng the Basher, a journeyman HOBe of Trog (Lair:1)
  A hydra (Lair:1)
  A centaur warrior (D:9)
  3 two-headed ogres
  A tengu warrior (D:9)
  Pikel (D:7)
  A necromancer (IceCv)
  An ice statue (IceCv)
  A black mamba (shapeshifter) (D:9)
  7 freezing wraiths (IceCv)
  A hippogriff (Lair:1)
  A spriggan (D:10)
  11 yaks
  2 wyverns (D:10)
  A vampire (D:10)
  A death yak simulacrum (IceCv)
  Grum (D:9)
  Duvessa (D:5)
  5 porcupines
  10 orc warriors
  7 ice beasts
  7 ogres
  4 phantoms
  A slave (D:7)
  2 wolves (D:9)
  5 centaurs
  7 bullfrogs
  3 crocodiles (D:9)
  A big kobold (D:8)
  Blork the orc (D:5)
  Dowan (D:5)
  3 scorpions
  A water moccasin skeleton (D:9)
  3 jellies
  11 killer bees
  14 wights
  4 howler monkeys
  6 crimson imps
  A centaur zombie (D:6)
  2 bullfrog zombies
  3 draconian simulacra (IceCv)
  2 hounds
  Crazy Yiuf (D:7)
  5 orc priests
  5 orc wizards
  2 bullfrog skeletons
  4 iguanas
  2 worker ants
  2 polar bear simulacra (IceCv)
  A wolf simulacrum (IceCv)
  2 spriggan simulacra (IceCv)
  A killer bee zombie (D:9)
  2 howler monkey skeletons
  6 adders
  2 shadow imps
  17 white imps
  3 oozes
  An adder zombie (D:9)
  2 adder skeletons (D:6)
  5 worms
  3 dart slugs
  6 leopard geckos
  50 orcs
  A ball python (D:3)
  3 bats
  5 giant cockroaches
  6 goblins
  11 hobgoblins
  11 jackals
  9 kobolds
  5 frilled lizards
  A jackal zombie (D:7)
  2 leopard gecko skeletons
  A quokka skeleton (D:9)
  A quokka zombie (D:8)
  11 rats
334 creatures vanquished.

Vanquished Creatures (others)
  2 slaves (D:7)
  A centaur (D:10)
  2 fungi
  A plant (Lair:1)
6 creatures vanquished.

Grand Total: 340 creatures vanquished

Notes
Turn   | Place    | Note
-------+----------+-------------------------------------------
     0 | D:1      | Peloso the Minotaur Fighter began the quest for the Orb.
     0 | D:1      | Reached XP level 1. HP: 19/19 MP: 0/0
    75 | D:1      | Reached XP level 2. HP: 27/27 MP: 1/1
   301 | D:1      | Reached XP level 3. HP: 29/33 MP: 2/2
   741 | D:2      | Reached skill level 3 in Long Blades
  1010 | D:2      | Found a sparkling altar of Nemelex Xobeh.
  1097 | D:2      | Reached XP level 4. HP: 35/40 MP: 3/3
  2080 | D:4      | Noticed an ogre
  2086 | D:4      | Killed an ogre
  2086 | D:4      | Reached skill level 4 in Long Blades
  2086 | D:4      | Reached skill level 5 in Armour
  2086 | D:4      | Reached XP level 5. HP: 47/47 MP: 4/4
  2126 | D:4      | Found a sacrificial altar of Ru.
  2825 | D:5      | Entered Level 5 of the Dungeon
  2829 | D:5      | Reached XP level 6. HP: 53/53 MP: 5/5
  2890 | D:5      | Reached skill level 5 in Long Blades
  2917 | D:5      | Reached skill level 5 in Shields
  3029 | D:5      | Noticed Blork the orc
  3034 | D:5      | Killed Blork the orc
  3091 | D:5      | Noticed Duvessa
  3091 | D:5      | Noticed Dowan
  3096 | D:5      | Killed Duvessa
  3096 | D:5      | Reached skill level 5 in Fighting
  3096 | D:5      | Reached XP level 7. HP: 61/61 MP: 6/6
  3110 | D:5      | Killed Dowan
  3110 | D:5      | Reached skill level 6 in Long Blades
  3203 | D:5      | Found an opulent altar of Gozag.
  3626 | D:5      | Reached skill level 7 in Long Blades
  3862 | D:5      | Reached XP level 8. HP: 69/69 MP: 7/7
  4023 | D:6      | Reached skill level 1 in Dodging
  4045 | D:6      | Got a polished whip
  4046 | D:6      | Identified the +8 whip of the Seven Tables {freeze, rPois MP+9} (You found it on level 6 of the Dungeon)
  4106 | D:6      | Reached skill level 8 in Long Blades
  4207 | D:6      | Reached skill level 9 in Long Blades
  4324 | D:6      | Found a shattered altar of Ashenzari.
  4515 | D:6      | Found a staircase to the Ecumenical Temple.
  4524 | Temple   | Entered the Ecumenical Temple
  4625 | Temple   | Became a worshipper of Warmaster Okawaru
  4656 | D:6      | Found a blossoming altar of Fedhas.
  5046 | D:7      | Found Oclui's Assorted Antiques.
  5184 | D:7      | Noticed Pikel
  5202 | D:7      | Killed Pikel
  5202 | D:7      | Reached * piety under Okawaru
  5202 | D:7      | Reached skill level 10 in Long Blades
  5202 | D:7      | Reached XP level 9. HP: 70/78 MP: 8/8
  5602 | D:7      | Found a runed door.
  5719 | D:7      | Found a stormy altar of Qazlal.
  5852 | D:7      | Noticed Crazy Yiuf
  5855 | D:7      | Killed Crazy Yiuf
  5924 | D:8      | Noticed a two-headed ogre
  5929 | D:8      | Killed a two-headed ogre
  5929 | D:8      | Reached skill level 11 in Long Blades
  5929 | D:8      | Reached skill level 1 in Stealth
  6097 | D:8      | Reached ** piety under Okawaru
  6112 | D:8      | Reached XP level 10. HP: 88/88 MP: 9/9
  6500 | D:8      | Found a white marble altar of Elyvilon.
  6873 | D:8      | Found a hide-covered altar of Uskayaw.
  6969 | D:9      | Found a staircase to the Lair.
  6984 | D:9      | Reached *** piety under Okawaru
  6984 | D:9      | Reached skill level 10 in Shields
  6990 | D:9      | Reached skill level 12 in Long Blades
  7338 | D:9      | Noticed Gastronok
  7358 | D:9      | Killed Gastronok
  7358 | D:9      | Reached **** piety under Okawaru
  7358 | D:9      | Reached ***** piety under Okawaru
  7358 | D:9      | Reached XP level 11. HP: 52/97 MP: 8/10
  7385 | D:9      | Noticed Grum
  7390 | D:9      | Killed Grum
  7519 | D:9      | Found a shadowy altar of Dithmenos.
  7624 | D:9      | Reached skill level 13 in Long Blades
  7681 | D:9      | Received a gift from Okawaru
  7710 | D:9      | Found a roughly hewn altar of Beogh.
  7710 | D:9      | Found a staircase to the Orcish Mines.
  7815 | D:9      | Noticed a two-headed ogre
  7821 | D:9      | Killed a two-headed ogre
  7935 | D:9      | Noticed a tengu warrior
  7942 | D:9      | Killed a tengu warrior
  8058 | D:9      | Noticed a white very ugly thing
  8058 | D:9      | Noticed a centaur warrior
  8073 | D:9      | Killed a white very ugly thing
  8073 | D:9      | Reached skill level 10 in Fighting
  8079 | D:9      | Killed a centaur warrior
  8103 | D:9      | Noticed an ettin
  8103 | D:9      | Noticed a yaktaur captain
  8108 | D:9      | Killed an ettin
  8108 | D:9      | Received a gift from Okawaru
  8108 | D:9      | Reached skill level 1 in Invocations
  8118 | D:9      | Killed a yaktaur captain
  8118 | D:9      | Reached skill level 14 in Long Blades
  8147 | D:9      | Got an ivory arbalest
  8214 | D:9      | Found a blossoming altar of Fedhas.
  8217 | D:9      | Noticed an oklob plant
  8217 | D:9      | Noticed an oklob plant
  8682 | D:10     | Entered Level 10 of the Dungeon
  8733 | D:10     | Noticed a two-headed ogre
  8742 | D:10     | Killed a two-headed ogre
  9065 | D:10     | Reached XP level 12. HP: 108/108 MP: 11/11
  9078 | D:10     | Reached skill level 10 in Armour
  9639 | Lair:1   | Entered Level 1 of the Lair of Beasts
  9686 | Lair:1   | Noticed a seven-headed hydra
  9698 | Lair:1   | Killed a seven-headed hydra
  9704 | Lair:1   | Noticed dengdeng's ghost (journeyman HOBe)
  9737 | Lair:1   | Killed dengdeng's ghost
  9814 | Lair:1   | Found a frozen archway.
 10059 | IceCv    | Entered an ice cave
 10699 | IceCv    | Received a gift from Okawaru
 10712 | IceCv    | Got a warped plate armour {god gift}
 10718 | IceCv    | Identified the +1 plate armour "Coops" {*Slow rC+ Str+4 Dex+3} (Okawaru gifted it to you in an ice cave)
 10727 | IceCv    | Got a shimmering plate armour
 10739 | IceCv    | Identified the +8 plate armour "Ynuarif" {rF+ rN+ MP-9 Stlth+} (You found it in an ice cave)
 10857 | IceCv    | HP: 2/110 [troll simulacrum (7)]
 10857 | IceCv    | Slain by a freezing wraith

Skill      XL: |  1  2  3  4  5  6  7  8  9 10 11 12 |
---------------+-------------------------------------+-----
Armour         | 4 5 6 7 8 9 11 | 11.2
Fighting       | 4 5 6 7 9 10 11 | 11.3
Shields        | 4 5 6 7 9 10 11 12 | 12.8
Long Blades    | 3 4 5 7 10 11 12 14 | 14.6
Dodging        | 1 2 |  2.9
Stealth        | 1 |  1.4
Invocations    | 1 |  1.1
Short Blades   | |  0.7

Action                   |  1- 3 |  4- 6 |  7- 9 | 10-12 || total
-------------------------+-------+-------+-------+-------++-------
Melee: Long sword        |    82 |    99 |   154 |       ||   335
       Headbutt          |    13 |    26 |    68 |   131 ||   238
       Scimitar          |       |       |   126 |   507 ||   633
       Short sword       |       |       |       |     8 ||     8
Invok: Heroism           |       |       |     1 |     7 ||     8
  Use: Scroll            |     1 |     9 |     5 |     8 ||    23
       Potion            |     1 |     3 |       |     7 ||    11
 Stab: Paralysed         |       |     1 |       |       ||     1
  Eat: Chunk             |       |     7 |     7 |    12 ||    26
       Fruit             |       |       |     3 |     1 ||     4
       Royal jelly       |       |       |       |     1 ||     1
Armor: Scale mail        |    40 |     6 |       |       ||    46
       Plate armour      |       |    57 |   148 |   248 ||   453
Dodge: Dodged            |    20 |    13 |    65 |   154 ||   252
Block: Shield            |    58 |    55 |   129 |   376 ||   618
       Reflection        |       |       |       |     9 ||     9
       Rpst.: Long sword |     5 |     4 |     7 |       ||    16
       Scimitar          |       |       |    12 |    37 ||    49
